 Dungeon Crawl Stone Soup version 0.20-a0-550-gf70bbbc (webtiles) character file.

16 Amnesiac the Vexing (level 2, 0/19 HPs)
             Began as a Mummy Enchanter on Feb 3, 2017.
             Slain by a worm (3 damage)
             ... on level 1 of the Dungeon.
             The game lasted 00:02:21 (960 turns).

Amnesiac the Vexing (Mummy Enchanter)                Turns: 960, Time: 00:02:21

Health: 0/19       AC:  2    Str: 11    XL:     2   Next: 37%
Magic:  2/5        EV: 12    Int: 14    God:
Gold:   91         SH:  0    Dex: 12    Spells: 5/6 levels left

rFire    x . .     SeeInvis .   a - +1 dagger
rCold    + . .     Gourm    .   b - +0 robe
rNeg     + + +     Faith    .   (no shield)
rPois    ∞         Spirit   .   (no helmet)
rElec    .         Reflect  .   (no cloak)
rCorr    .         Harm     .   (no gloves)
MR       .....                  (no boots)
Stlth    ++........             (no amulet)
Regen    0.1/turn               (no ring)
                                (no ring)

@: no status effects
A: no food or potions, fire vulnerability, cold resistance 1, negative energy
resistance 3, torment resistance, unbreathing
a: no special abilities


You were on level 1 of the Dungeon.
You were not hungry.

You visited 1 branch of the dungeon, and saw 2 of its levels.

You collected 91 gold pieces.

Inventory:

Hand Weapons
 a - a +1 dagger (weapon)
Armour
 b - a +0 robe (worn)
Scrolls
 d - a scroll of remove curse {unknown}
 e - a scroll of enchant armour {unknown}
 f - a scroll of teleportation {unknown}
 g - a scroll of fear {unknown}
Books
 c - a book of Maledictions

   Spells                             Type                      Level
   a - Corona                         Hexes                        1
   b - Ensorcelled Hibernation        Hexes/Ice                    2
   c - Confuse                        Hexes                        3
   d - Tukima's Dance                 Hexes                        3
   e - Dazzling Spray                 Conjuration/Hexes            3


   Skills:
 - Level 1.0 Short Blades
 - Level 1.5 Dodging
 - Level 2.4 Stealth
 + Level 2.9 Spellcasting
 * Level 3.2 Hexes


You had 5 spell levels left.
You knew the following spells:

 Your Spells              Type           Power        Failure   Level  Hunger
f - Corona                Hex            ##.....      6%          1    N/A

Dungeon Overview and Level Annotations

Branches:
Dungeon (2/15)

Altars:


Innate Abilities, Weirdness & Mutations

You do not eat or drink.
Your flesh is vulnerable to fire.
You are immune to poison.
Your flesh is cold resistant. (rC+)
You are immune to negative energy. (rN+++)
You are immune to unholy pain and torment.
You can survive without breathing.


Message History

Aim: a worm (severely wounded, chance to defeat MR: 55%)
The worm struggles to resist.
The worm bites you!
Casting: Corona
Confirm with . or Enter, or press ? or * to list all spells.
Aiming: Corona
Press: ? - help, Shift-Dir - straight line, f/p - worm
Aim: a worm (severely wounded, chance to defeat MR: 55%)
The worm struggles to resist.
Casting: Corona
Confirm with . or Enter, or press ? or * to list all spells.
Aiming: Corona
Press: ? - help, Shift-Dir - straight line, f/p - worm
Aim: a worm (severely wounded, chance to defeat MR: 55%)
The worm is outlined in light.
The worm bites you.
* * * LOW HITPOINT WARNING * * *
Unknown command.
You hit the worm.
The worm is severely wounded.
The worm bites you.
You die...

..≈#..#............####
.###..#..h.......)....#
.#K#..#........###....#
####.........#.###....#
.##....#####h#........#
.##.)..# #...#........#
##....##
#.####.......####
......#
#....'..........#
....###
######.@.....##.# ...##
#..w.......# .###
##+#.####### .# #...#
.# ##..# .# #..# .#
#.># .# #### .#


You could see a worm.

Vanquished Creatures
  A leopard gecko (D:1)
  A giant cockroach (D:1)
  A goblin (D:1)
  4 hobgoblins (D:1)
  2 jackals (D:1)
  A frilled lizard (D:1)
  2 kobolds (D:1)
12 creatures vanquished.

Notes
Turn   | Place    | Note
-------+----------+-------------------------------------------
     0 | D:1      | Amnesiac the Mummy Enchanter began the quest for the Orb.
     0 | D:1      | Reached XP level 1. HP: 13/13 MP: 4/4
    38 | D:1      | Reached skill level 1 in Short Blades
   511 | D:1      | Reached skill level 3 in Hexes
   705 | D:1      | Reached XP level 2. HP: 14/19 MP: 2/5
   960 | D:1      | Slain by a worm

Vault maps used:
D:1:      lordsloth_arrival_two_stooges, serial_bayou_lagoon_a,
          hangedman_decor_opposing
D:2:      kennysheep_flooded_box

Skill      XL: |  1 |
---------------+----+-----
Short Blades   | 1 |  1.0
Hexes          | 3 |  3.2
Dodging        | |  1.5
Stealth        | |  2.4
Spellcasting   | |  2.9

Action                   || total
-------------------------++-------
Melee: Dagger            ||    53
 Cast: Corona            ||    19
Armor: Robe              ||     3
Dodge: Dodged            ||    31
